Map: Piattaforma kimerana

Players

KeyJack

  • Race: Terran Terran
  • League: Platinum
  • Spawn Location: 1:00

LastOttoman

  • Race: Terran Terran
  • League: Platinum
  • Spawn Location: 12:00

GodGave

  • Race: Protoss Protoss
  • League: Silver
  • Spawn Location: 11:00

Briareos

  • Race: Protoss Protoss
  • Spawn Location: 12:00

illusio - Winner!

  • Race: Terran Terran
  • League: Diamond
  • Spawn Location: 6:00

Jhyrachy - Winner!

  • Race: Zerg Zerg
  • League: Gold
  • Spawn Location: 7:00

MugeN - Winner!

  • Race: Zerg Zerg
  • League: Master
  • Spawn Location: 5:00

LaWeedaLoca - Winner!

  • Race: Terran Terran
  • League: Master
  • Spawn Location: 6:00

VOD

Have the link to the VOD?

Description

Time

  • Played on: April 24, 2016, 5:59 p.m.
  • Length: 12:42
Show
View Real Time Build Order
Export as new Build Order

KeyJack Terran 

Build Orders: Reaper Expand, Mech 

Get SALT Encoding   

  12  0:02  SCV  
  13  0:14  SCV  
  14  0:26  SCV  
  15  0:29  Supply Depot  
  15  0:51  SCV  
  15  0:53  Refinery  
  15  0:55  Barracks  
  16  1:02  Refinery  
  16  1:03  SCV  
  17  1:11  Supply Depot  
  17  1:22  SCV  
  18  1:36  SCV  
  19  1:46  Reaper  
  20  1:52  Orbital Command  
  20  2:02  Command Center  
  20  2:19  Barracks Reactor  
  20  2:23  SCV  
  20  2:28  Factory  
  21  2:46  SCV  
  22  2:58  SCV  
  22  3:05  Marine x2  
  23  3:10  SCV  
  27  3:22  SCV  
  27  3:23  Marine x2  
  28  3:28  Factory Tech Lab  
  28  3:34  SCV  
  28  3:41  Marine x2  
  30  3:45  Command Center  
  30  3:47  Supply Depot  
  31  3:48  Starport  
  31  3:55  Orbital Command  
  31  4:00  Marine x2  
  33  4:04  SCV  
  34  4:10  Siege Tank  
  34  4:16  SCV  
  38  4:17  Bunker  
  38  4:21  SCV  
  39  4:27  Starport Reactor  
  39  4:28  SCV  
  40  4:33  SCV  
  41  4:38  Marine  
  41  4:39  Marine  
  41  4:40  SCV  
  41  4:42  Siege Tank  
  41  4:45  SCV  
  48  4:53  SCV  
  48  4:55  Supply Depot  
  48  4:57  SCV  
  50  5:03  Engineering Bay  
  50  5:05  Armory  
  50  5:10  Armory  
  50  5:14  Siege Tank  
  50  5:17  SCV x2  
  50  5:18  Supply Depot  
  54  5:41  SCV x3  
  57  5:53  SCV x3  
  60  6:03  Terran Vehicle Weapons Level 1  
  60  6:04  Terran Vehicle And Ship Armor Level 1  
  60  6:05  SCV x2  
  60  6:07  Orbital Command  
  60  6:10  Refinery  
  62  6:11  Refinery  
  62  6:17  SCV  
  63  6:22  Missile Turret  
  63  6:25  Missile Turret  
  63  6:32  Missile Turret  
  63  6:34  Missile Turret, Factory  
  63  6:39  Marine, Factory  
  63  6:40  Marine  
  65  6:48  Missile Turret  
  65  6:49  Missile Turret  
  65  6:54  Missile Turret  
  65  6:57  Marine x2  
  67  7:05  Siege Tank  
  70  7:15  Marine x2  
  69  7:31  Factory Tech Lab x2  
  69  7:33  Missile Turret  
  69  7:37  Siege Tank  
  72  7:55  Marine  
  72  7:56  Marine  
  72  7:57  Siege Tank  
  77  8:03  Supply Depot  
  77  8:09  Missile Turret  
  77  8:13  Orbital Command  
  77  8:24  Missile Turret  
  77  8:25  Siege Tank, Missile Turret, Marine x2, SCV x2  
  84  8:27  Supply Depot  
  84  8:28  Missile Turret, Terran Vehicle And Ship Armor Level 2  
  84  8:37  SCV  
  85  8:48  Missile Turret x2, Siege Tank, Marine x2, SCV, Viking x2  
  85  8:49  SCV  
  85  8:51  Siege Tank, Missile Turret  
  85  8:52  Supply Depot  
  91  8:58  Siege Tank  
  91  9:00  SCV  
  91  9:01  SCV  
  93  9:06  Marine x2  
  87  9:12  Missile Turret  
  87  9:14  Missile Turret  
  84  9:18  Viking x2  
  84  9:20  Siege Tank  
  84  9:24  Marine x2  
  91  9:26  Missile Turret  
  91  9:30  Siege Tank  
  96  9:41  Marine  
  96  9:42  Marine  
  98  9:48  Viking x2  
  92  10:08  Marine x2  
  92  10:09  Siege Tank  
  97  10:18  Viking x2  
  101  10:56  Command Center  
  101  11:14  Viking  
  101  11:16  Marine x2  
  101  11:18  Siege Tank  
  101  11:25  Thor  
  99  11:30  Thor  
  98  11:34  Marine x2  
  98  11:43  SCV x3  
  101  11:55  Siege Tank  
  101  11:56  Marine x2  
  95  12:04  Missile Turret  
  95  12:05  Missile Turret  
  95  12:08  Siege Tank  
  92  12:11  Missile Turret  
  92  12:12  Missile Turret  
  92  12:13  Marine x2  
  92  12:14  Missile Turret  
Show
View Real Time Build Order
Export as new Build Order

LastOttoman Terran 

Build Orders: MMM Bio 

Get SALT Encoding   

  12  0:02  SCV  
  13  0:14  SCV  
  14  0:22  Supply Depot  
  14  0:26  SCV  
  15  0:43  SCV  
  15  0:45  Barracks  
  16  0:50  Refinery  
  16  0:55  SCV  
  17  1:07  SCV  
  18  1:20  SCV  
  19  1:29  Command Center  
  19  1:34  Marine  
  20  1:44  Orbital Command  
  20  1:49  Supply Depot  
  20  1:52  Marine  
  21  2:06  Barracks  
  21  2:18  Barracks Tech Lab  
  21  2:19  SCV  
  22  2:29  Barracks  
  22  2:32  SCV  
  23  2:41  Orbital Command  
  23  2:45  SCV  
  23  2:47  Marauder  
  26  2:57  SCV, Stimpack  
  27  3:00  Marine  
  28  3:08  Marine  
  28  3:10  SCV  
  28  3:11  SCV  
  31  3:13  Refinery  
  31  3:18  Marine  
  32  3:20  Marine  
  32  3:23  SCV x2  
  35  3:35  SCV  
  35  3:36  Factory  
  35  3:37  Barracks  
  35  3:38  SCV  
  35  3:40  Orbital Command  
  37  3:42  Marauder  
  39  3:56  Barracks Reactor  
  39  3:57  Barracks Reactor  
  39  4:05  Marine  
  40  4:19  Engineering Bay  
  40  4:21  Starport  
  40  4:23  Marine  
  41  4:27  Factory Reactor  
  41  4:28  Marine  
  42  4:39  SCV x2  
  42  4:40  Bunker  
  42  4:41  Marine  
  45  4:46  Marine  
  45  4:47  Engineering Bay  
  45  4:51  SCV  
  46  5:10  Terran Infantry Weapons Level 1  
  46  5:13  Factory Tech Lab  
  46  5:18  Supply Depot  
  46  5:19  Marauder, SCV  
  46  5:20  Supply Depot  
  48  5:41  Combat Shields  
  47  5:43  Terran Infantry Armor Level 1  
  47  5:57  Barracks Reactor  
  47  5:58  Marine x2  
  47  5:59  Marine  
  50  6:05  Armory  
  50  6:06  SCV x2  
  50  6:08  Refinery  
  52  6:11  Refinery  
  52  6:18  SCV x2, Supply Depot  
  54  6:20  Supply Depot  
  54  6:22  Siege Tank  
  57  6:25  Marine x2  
  57  6:26  Marine x2  
  57  6:30  SCV  
  62  6:41  Missile Turret  
  62  6:47  SCV  
  62  6:52  Missile Turret  
  62  6:53  SCV  
  64  6:54  Supply Depot  
  64  6:56  Missile Turret  
  64  6:59  SCV  
  65  7:03  Missile Turret  
  65  7:05  Terran Infantry Weapons Level 2  
  65  7:08  Marine  
  65  7:09  Marine  
  65  7:13  Medivac  
  69  7:18  Missile Turret  
  69  7:33  Missile Turret  
  68  7:39  Marine x5  
  68  7:40  Missile Turret, Marine x2  
  68  7:43  SCV x2  
  77  7:55  SCV x2  
  77  7:57  Marine x6  
  85  7:58  Supply Depot  
  85  8:08  Terran Infantry Armor Level 2  
  85  8:10  Medivac x2  
  85  8:11  Marine  
  90  8:15  Marine x3  
  91  8:39  Marine x2  
  91  8:40  Marine x2, Medivac  
  66  9:05  Marine x5  
  68  9:12  Marine x2  
  68  9:15  Liberator x2  
  70  9:23  Marine x5  
  75  9:24  Barracks  
  75  9:25  Barracks  
  75  9:27  Barracks  
  75  9:30  Marine x2  
  82  9:41  Marine x3  
  85  9:52  Marine x4  
  66  10:12  Marine x4  
  66  10:13  Marine x3  
  70  10:22  Marine x3  
  73  10:30  Marine x4  
  63  11:09  Marine x8  
  63  11:10  Marine x2  
  65  11:26  Marine x2  
  65  11:27  Marine x5  
  65  11:28  Marauder  
  65  11:32  Siege Tank  
  77  11:39  Marine x2  
  79  11:41  Medivac  
  79  11:44  Marine x2  
  83  11:49  Marauder  
  80  12:11  Marauder  
  59  12:23  Marine x6  
Show
View Real Time Build Order
Export as new Build Order

GodGave Protoss 

Build Orders:  

Get SALT Encoding   

  12  0:02  Probe (Chrono Boost)  
  13  0:12  Probe (Chrono Boost)  
  14  0:23  Pylon  
  14  0:25  Probe (Chrono Boost)  
  15  0:41  Probe (Chrono Boost)  
  16  0:43  Gateway  
  16  0:52  Probe (Chrono Boost)  
  17  1:02  Assimilator  
  17  1:03  Assimilator, Probe (Chrono Boost)  
  18  1:13  Probe (Chrono Boost)  
  19  1:24  Probe (Chrono Boost)  
  20  1:33  Cybernetics Core  
  20  1:34  Probe (Chrono Boost)  
  21  1:51  Probe (Chrono Boost)  
  22  1:56  Nexus  
  22  2:00  Pylon  
  22  2:03  Probe (Chrono Boost)  
  23  2:12  Pylon  
  23  2:28  Mothership Core (Chrono Boost)  
  24  2:46  Probe (Chrono Boost)  
  25  2:56  Probe (Chrono Boost)  
  26  3:07  Probe (Chrono Boost)  
  26  3:08  Assimilator, Probe (Chrono Boost)  
  28  3:17  Stargate x2  
  28  3:21  Stargate  
  28  3:28  Assimilator, Probe (Chrono Boost)  
  28  3:34  Probe (Chrono Boost)  
  30  3:39  Probe (Chrono Boost)  
  31  3:44  Probe (Chrono Boost)  
  32  3:49  Probe (Chrono Boost)  
  32  3:55  Probe (Chrono Boost)  
  34  4:00  Probe (Chrono Boost)  
  35  4:05  Probe (Chrono Boost), Void Ray x2  
  44  4:10  Probe (Chrono Boost)  
  44  4:16  Probe (Chrono Boost)  
  46  4:20  Void Ray  
  46  4:21  Probe (Chrono Boost)  
  51  4:30  Pylon  
  51  4:34  Pylon  
  51  4:36  Probe (Chrono Boost)  
  51  4:37  Probe (Chrono Boost)  
  53  4:46  Probe (Chrono Boost)  
  53  4:49  Void Ray  
  58  5:07  Nexus  
  58  5:11  Probe (Chrono Boost)  
  59  5:21  Probe (Chrono Boost), Void Ray  
  59  5:26  Void Ray  
  68  5:32  Probe x2 (Chrono Boost)  
  70  5:49  Pylon  
  70  5:52  Pylon  
  70  5:56  Pylon  
  70  6:00  Pylon  
  70  6:04  Protoss Air Weapons Level 1  
  70  6:05  Pylon  
  70  6:07  Probe x2 (Chrono Boost)  
  70  6:11  Pylon  
  72  6:18  Probe x2 (Chrono Boost), Void Ray  
  74  6:21  Void Ray  
  82  6:28  Void Ray  
  86  6:36  Stargate  
  86  6:43  Stargate  
  86  6:46  Stargate  
  86  6:49  Probe (Chrono Boost)  
  86  6:51  Probe (Chrono Boost)  
  86  6:52  Probe (Chrono Boost)  
  89  6:54  Assimilator  
  89  6:57  Assimilator  
  89  6:59  Probe (Chrono Boost)  
  90  7:02  Probe (Chrono Boost), Void Ray  
  95  7:09  Void Ray  
  95  7:10  Probe (Chrono Boost)  
  100  7:36  Nexus  
  100  7:40  Probe (Chrono Boost)  
  101  7:44  Void Ray x2  
  101  7:47  Void Ray  
  114  7:51  Probe (Chrono Boost)  
  114  8:02  Probe (Chrono Boost)  
  115  8:12  Probe (Chrono Boost)  
  116  8:23  Probe (Chrono Boost)  
  117  8:27  Pylon  
  117  8:28  Pylon  
  117  8:30  Pylon  
  117  8:31  Pylon  
  117  8:32  Pylon  
  117  8:33  Probe (Chrono Boost)  
  117  8:34  Pylon  
  117  8:46  Probe (Chrono Boost)  
  117  8:47  Void Ray  
  117  8:48  Void Ray  
  126  8:49  Void Ray x2  
  108  9:23  Void Ray  
  112  9:27  Void Ray  
  112  9:30  Void Ray  
  82  9:55  Void Ray x2  
  83  10:18  Robotics Facility  
Show
View Real Time Build Order
Export as new Build Order

Briareos Protoss 

Build Orders: Blink Stalkers, Zealot Archon 

Get SALT Encoding   

  12  0:01  Probe (Chrono Boost)  
  13  0:18  Pylon  
  13  0:19  Probe (Chrono Boost)  
  14  0:29  Probe (Chrono Boost)  
  15  0:37  Gateway  
  15  0:40  Probe (Chrono Boost)  
  16  0:44  Assimilator  
  16  0:50  Probe (Chrono Boost)  
  17  1:02  Pylon  
  17  1:03  Probe (Chrono Boost)  
  18  1:14  Probe (Chrono Boost)  
  19  1:25  Cybernetics Core, Probe (Chrono Boost)  
  20  1:26  Assimilator  
  20  1:35  Forge  
  20  1:39  Probe (Chrono Boost)  
  21  1:53  Pylon  
  21  2:02  Pylon  
  20  2:11  Assimilator, Warp Gate (Chrono Boost)  
  20  2:15  Photon Cannon  
  20  2:23  Probe  
  21  2:35  Mothership Core (Chrono Boost)  
  22  3:01  Probe (Chrono Boost)  
  23  3:12  Probe (Chrono Boost)  
  24  3:15  Twilight Council  
  24  3:22  Probe  
  25  3:27  Nexus  
  25  3:28  Pylon  
  25  3:36  Gateway  
  25  3:38  Gateway  
  25  3:46  Probe  
  26  3:52  Blink (Chrono Boost)  
  26  4:06  Probe  
  27  4:28  Probe  
  27  4:30  Stalker  
  30  4:31  Stalker  
  30  4:33  Stalker  
  34  4:40  Probe  
  34  4:43  Probe, Photon Cannon  
  36  4:49  Dark Shrine  
  36  4:52  Probe  
  37  4:53  Probe  
  37  4:55  Stalker  
  40  5:01  Stalker  
  40  5:05  Probe  
  40  5:06  Probe  
  44  5:16  Probe  
  44  5:17  Pylon  
  44  5:19  Probe  
  46  5:23  Stalker  
  46  5:28  Stalker  
  50  5:34  Stalker  
  52  5:38  Probe  
  52  5:39  Probe  
  54  5:48  Probe  
  54  5:50  Stalker  
  54  5:51  Assimilator, Probe  
  54  5:55  Assimilator  
  58  6:02  Robotics Facility  
  58  6:05  Probe x2  
  60  6:11  Pylon  
  60  6:17  Protoss Ground Weapons Level 1 (Chrono Boost), Probe  
  60  6:18  Probe  
  61  6:25  Pylon  
  62  6:29  Probe  
  62  6:30  Probe  
  64  6:33  Charge (Chrono Boost), Pylon  
  64  6:36  Dark Templar  
  66  6:50  Dark Templar  
  68  6:54  Archon  
  68  6:56  Dark Templar  
  70  7:09  Dark Templar  
  72  7:25  Dark Templar  
  72  7:28  Archon  
  74  7:30  Zealot  
  76  7:38  Gateway  
  76  7:40  Gateway  
  76  7:43  Gateway, Observer  
  77  7:45  Zealot  
  77  7:46  Gateway  
  77  7:47  Pylon  
  77  7:50  Templar Archives, Zealot  
  81  8:02  Photon Cannon  
  81  8:05  Dark Templar  
  83  8:07  Zealot  
  83  8:09  Archon  
  85  8:19  Protoss Ground Weapons Level 2 (Chrono Boost)  
  85  8:29  Forge  
  85  8:30  Psionic Storm  
  85  8:33  Pylon  
  85  8:37  Pylon  
  85  8:41  Pylon  
  85  8:44  Zealot x3  
  85  8:45  Zealot  
  93  8:48  Pylon  
  93  8:51  Pylon x2, Zealot x2  
  93  8:52  Zealot  
  55  9:18  Zealot x6  
  55  9:19  Zealot  
  69  9:29  Photon Cannon  
  69  9:33  Photon Cannon  
  41  9:47  Dark Templar x5  
  48  9:57  Zealot x2  
  37  10:03  Zealot x2  
  37  10:04  Zealot x3  
  34  10:12  Observer  
  33  10:27  Photon Cannon  
  23  10:29  Photon Cannon  
  23  10:31  Zealot  
  23  10:47  High Templar x4  
  23  10:48  High Templar  
  33  11:04  Photon Cannon  
  33  11:18  Photon Cannon  
  33  11:28  Dark Templar  
Show
View Real Time Build Order
Export as new Build Order

illusio Terran - Winner!

Build Orders: Bio Tank 

Get SALT Encoding   

  12  0:01  SCV  
  13  0:13  SCV  
  14  0:20  Supply Depot  
  14  0:26  Refinery  
  14  0:28  SCV  
  15  0:41  SCV  
  16  0:50  Barracks  
  16  0:54  SCV  
  17  1:06  SCV  
  18  1:18  SCV  
  19  1:37  Barracks Reactor  
  19  1:40  Orbital Command  
  19  1:49  Command Center  
  19  2:07  Supply Depot  
  19  2:08  SCV  
  20  2:12  Refinery  
  20  2:15  Factory  
  20  2:19  Marine x2  
  22  2:27  SCV  
  23  2:39  SCV  
  23  2:42  Marine  
  23  2:43  Marine  
  27  2:51  SCV  
  27  2:52  Barracks  
  27  3:00  Factory Tech Lab  
  27  3:04  Starport  
  27  3:08  Orbital Command  
  27  3:14  SCV  
  28  3:20  Marine x2  
  28  3:26  SCV  
  31  3:28  Siege Tank  
  34  3:37  SCV  
  34  3:38  SCV  
  36  3:44  Supply Depot  
  36  3:45  Medivac  
  36  3:47  Barracks Tech Lab  
  38  3:54  Barracks  
  38  3:55  Marine  
  39  3:57  Marine  
  39  4:02  SCV x2  
  42  4:10  Siege Tank  
  45  4:17  Stimpack  
  45  4:19  Marauder, Marine  
  45  4:20  Marine  
  45  4:23  SCV  
  50  4:29  Engineering Bay  
  50  4:31  SCV  
  51  4:40  Marine x2  
  53  4:52  Command Center  
  53  4:59  SCV  
  54  5:04  Supply Depot  
  54  5:08  Supply Depot  
  54  5:25  SCV x2  
  54  5:26  Marauder, Marine x2  
  60  5:39  Siege Tank  
  60  5:40  Starport Reactor  
  53  5:45  Barracks Reactor  
  53  5:47  Marauder, SCV x2  
  53  5:48  Barracks  
  57  5:52  Supply Depot  
  57  5:54  Refinery  
  57  5:56  Refinery  
  57  5:59  SCV  
  57  6:00  SCV  
  59  6:06  Orbital Command  
  59  6:10  Marine x2  
  59  6:11  Marauder, SCV  
  63  6:15  SCV  
  65  6:24  SCV  
  66  6:27  SCV  
  66  6:31  Medivac x2  
  66  6:32  Siege Tank, Marauder  
  76  6:36  SCV  
  76  6:37  Terran Infantry Weapons Level 1  
  76  6:39  SCV, Engineering Bay  
  78  6:43  Armory  
  78  6:47  Supply Depot  
  78  6:56  SCV x3  
  78  7:01  Medivac x2  
  83  7:03  Missile Turret  
  85  7:08  Marine x2, SCV  
  85  7:11  Marauder, Combat Shields  
  85  7:13  Barracks Reactor  
  85  7:14  Liberator  
  90  7:17  Liberator, Barracks  
  90  7:21  SCV x2  
  92  7:27  Supply Depot  
  92  7:28  Missile Turret  
  92  7:31  Supply Depot  
  98  7:49  SCV x2  
  98  7:50  SCV  
  101  8:01  SCV  
  101  8:02  SCV x2  
  101  8:03  Marine  
  101  8:04  Marine  
  101  8:05  Marine x2, Barracks  
  108  8:06  Marauder  
  108  8:07  Marine  
  108  8:08  Marine, Barracks Tech Lab  
  108  8:12  Terran Infantry Armor Level 1  
  112  8:16  Supply Depot  
  112  8:28  Marauder  
  111  8:39  Supply Depot  
  111  8:45  Marine  
  110  8:48  Liberator  
  110  8:49  Marine x4  
  110  8:50  Marauder, Marine  
  110  8:52  Marine  
  95  9:01  Marine  
  96  9:03  Siege Tank, Marine  
  96  9:06  Marine  
  104  9:10  Barracks Tech Lab  
  104  9:11  Marauder  
  106  9:18  Supply Depot  
  106  9:19  Marauder  
  108  9:32  Marauder  
  108  9:35  Siege Tank  
  108  9:37  Command Center  
  113  9:40  Marauder, Supply Depot  
  89  9:56  Liberator  
  79  10:03  Marine x4  
  79  10:04  Marauder x2  
  79  10:05  Marauder, Marine x2  
  90  10:07  Siege Tank  
  96  10:20  Marine  
  96  10:21  Marine x3  
  98  10:26  Marauder x3  
  105  10:39  Siege Tank  
  108  10:43  Marine x2  
  108  10:44  Marine x2  
  108  10:45  Marine x2  
  108  10:47  Marauder x3  
  120  10:56  Fusion Core  
  120  11:00  Marine  
  120  11:01  Starport, Marine  
  120  11:02  Marine x3  
  125  11:08  Marauder  
  70  11:35  Marine  
  70  11:36  Marine x5  
  72  11:40  Viking x2  
  72  11:42  Starport Tech Lab  
  72  11:44  Starport  
  76  11:50  Marauder  
  78  12:11  Marine x2  
  78  12:12  Marine x5  
  78  12:13  Marine x2  
Show
View Real Time Build Order
Export as new Build Order

Jhyrachy Zerg - Winner!

Build Orders: Hatch First, Lurkers 

Get SALT Encoding   

  12  0:01  Drone  
  13  0:09  Drone  
  14  0:19  Overlord  
  14  0:39  Drone x3  
  17  0:58  Drone  
  17  1:00  Hatchery  
  18  1:11  Drone, Extractor  
  18  1:18  Spawning Pool  
  16  1:31  Drone, Overlord  
  17  1:43  Drone  
  18  2:06  Drone x2, Queen  
  22  2:14  Queen  
  24  2:24  Drone  
  24  2:25  Drone x3  
  28  2:55  Lair  
  28  2:58  Extractor  
  28  2:59  Drone x3  
  28  3:00  Drone  
  28  3:02  Drone x2  
  33  3:06  Extractor  
  32  3:19  Drone  
  36  3:20  Drone x3  
  36  3:21  Overlord  
  36  3:22  Overlord  
  36  3:39  Queen  
  36  3:40  Drone  
  36  3:41  Drone x4  
  43  3:49  Overlord  
  43  4:01  Hydralisk Den  
  42  4:23  Drone x3  
  45  4:28  Evolution Chamber  
  45  4:29  Evolution Chamber  
  43  4:34  Drone x4, Extractor  
  43  4:35  Drone  
  43  4:36  Drone x2  
  43  4:37  Drone, Overlord x2  
  50  4:42  Lurker Den  
  50  4:59  Zerg Missile Weapons Level 1  
  50  5:00  Zerg Ground Armor Level 1  
  50  5:03  Hydralisk  
  50  5:04  Hydralisk x5  
  62  5:20  Hatchery  
  61  6:09  Muscular Augments  
  61  6:13  Infestation Pit  
  60  6:30  Drone x7  
  60  6:31  Drone x7  
  74  6:38  Lurker x6  
  80  6:50  Hive  
  80  6:52  Drone  
  80  6:53  Drone  
  80  6:54  Overlord x2, Zerg Melee Weapons Level 1  
  82  6:55  Overlord  
  82  6:58  Extractor  
  82  6:59  Extractor  
  82  7:00  Drone x2  
  82  7:48  Drone x3  
  82  7:49  Drone x2  
  82  7:50  Overlord x2  
  87  7:53  Hydralisk  
  87  7:54  Hydralisk x7  
  103  8:01  Zerg Ground Armor Level 2  
  103  8:11  Ultralisk Cavern  
  102  8:32  Metabolic Boost  
  102  8:58  Zerg Melee Weapons Level 2  
  102  8:59  Chitinous Plating  
  102  9:04  Ultralisk  
  102  9:05  Ultralisk  
  102  9:06  Ultralisk  
  102  9:09  Zergling x2  
  122  9:10  Zergling x2  
  122  9:11  Overlord  
  122  9:12  Overlord x3  
  122  9:51  Adrenal Glands  
  110  10:29  Hydralisk  
  110  10:30  Hydralisk x16  
  144  10:46  Hatchery  
  137  11:05  Hatchery  
  136  11:15  Extractor  
  135  11:57  Lurker  
  135  11:58  Lurker x16  
  135  11:59  Lurker  
  149  12:15  Zergling x14  
  142  12:16  Zergling x30  
Show
View Real Time Build Order
Export as new Build Order

MugeN Zerg - Winner!

Build Orders: Hatch First, Muta Ling Bane 

Get SALT Encoding   

  12  0:01  Drone  
  13  0:12  Overlord  
  13  0:17  Drone  
  14  0:30  Drone x2  
  16  0:35  Drone  
  17  0:56  Hatchery  
  16  0:57  Drone  
  16  1:02  Drone  
  18  1:14  Spawning Pool  
  17  1:23  Extractor  
  16  1:30  Drone x3  
  19  1:43  Overlord  
  19  2:06  Queen  
  21  2:09  Zergling x2  
  21  2:10  Drone  
  21  2:14  Drone  
  24  2:17  Hatchery  
  23  2:36  Drone x2  
  23  2:37  Drone x2  
  28  2:47  Hatchery  
  28  2:49  Extractor  
  26  2:51  Queen  
  26  2:52  Zergling x2  
  26  2:56  Extractor  
  28  3:00  Spine Crawler  
  27  3:13  Drone x4  
  27  3:16  Metabolic Boost  
  27  3:19  Drone  
  31  3:27  Drone x2  
  31  3:28  Drone  
  34  3:37  Lair  
  34  3:43  Drone x2  
  34  3:48  Overlord  
  36  4:01  Extractor x2  
  36  4:02  Drone x4  
  38  4:03  Drone  
  38  4:09  Drone x2  
  41  4:12  Overlord  
  41  4:15  Drone  
  43  4:17  Zergling x2  
  43  4:23  Drone  
  43  4:24  Drone x2  
  46  4:31  Queen  
  48  4:33  Drone x2  
  50  4:48  Spire  
  50  4:52  Drone x5  
  54  4:57  Overlord  
  54  5:07  Drone x3, Evolution Chamber  
  56  5:08  Evolution Chamber  
  56  5:10  Queen  
  56  5:13  Overlord  
  57  5:21  Drone x3  
  60  5:33  Drone x3  
  63  5:36  Zerg Melee Weapons Level 1  
  63  5:37  Zerg Ground Armor Level 1  
  63  5:48  Extractor  
  63  5:49  Extractor  
  61  5:50  Drone x3  
  64  5:57  Hatchery  
  64  6:00  Mutalisk x4  
  71  6:04  Mutalisk  
  73  6:13  Overlord  
  73  6:15  Overlord  
  73  6:16  Drone  
  74  6:30  Baneling Nest  
  73  6:33  Drone x2  
  73  6:36  Mutalisk x2  
  73  6:37  Mutalisk x4  
  87  6:44  Overlord  
  87  6:45  Zergling x2  
  87  6:46  Zergling x4  
  90  6:53  Overlord  
  90  7:06  Zergling x4  
  90  7:07  Zergling x12  
  98  7:12  Zergling x2  
  99  7:36  Zergling x2  
  98  7:37  Zergling x20  
  108  7:46  Drone  
  109  7:58  Hatchery  
  106  8:01  Zerg Ground Armor Level 2  
  106  8:02  Zerg Melee Weapons Level 2  
  106  8:04  Drone, Infestation Pit  
  106  8:06  Drone x2  
  106  8:07  Drone x3  
  106  8:09  Overlord x3  
  111  8:19  Baneling x2  
  109  8:20  Baneling x7  
  109  8:26  Zergling x6  
  112  8:29  Zergling x6  
  114  8:38  Zergling x4  
  114  8:39  Baneling x2  
  114  8:40  Baneling x2  
  114  8:41  Baneling x7  
  108  8:42  Baneling  
  104  8:49  Zergling x14  
  104  8:53  Centrifical Hooks  
  110  8:56  Drone  
  110  8:57  Drone x2  
  110  8:58  Extractor  
  110  8:59  Extractor  
  96  9:13  Zergling x2  
  96  9:14  Zergling x16  
  104  9:27  Hive  
  104  9:34  Zergling x6  
  104  9:35  Zergling x10  
  108  9:53  Zergling x2  
  108  9:54  Zergling x4  
  101  10:09  Zergling x4  
  101  10:11  Zergling x2  
  101  10:12  Zergling x14  
  84  10:43  Ultralisk Cavern  
  83  10:54  Greater Spire  
  83  10:59  Adrenal Glands  
  82  11:19  Hatchery  
  82  11:22  Corruptor x4  
  82  11:23  Corruptor x8  
  82  11:24  Corruptor x3  
  82  11:25  Hatchery  
  109  11:37  Hatchery  
  108  11:44  Overlord x5  
Show
View Real Time Build Order
Export as new Build Order

LaWeedaLoca Terran - Winner!

Build Orders: Reaper Expand, MMM Bio 

Get SALT Encoding   

  12  0:00  SCV  
  13  0:13  SCV  
  14  0:17  Supply Depot  
  14  0:25  SCV  
  15  0:39  SCV  
  15  0:41  Barracks  
  16  0:44  Refinery  
  16  0:51  SCV  
  17  1:03  SCV  
  18  1:15  SCV  
  19  1:29  Orbital Command, Reaper  
  20  1:46  Command Center  
  20  1:52  Supply Depot  
  20  1:55  SCV  
  21  2:04  Marine  
  22  2:10  Barracks  
  22  2:12  SCV  
  23  2:23  Barracks Reactor  
  23  2:24  SCV  
  24  2:36  SCV  
  25  2:48  SCV  
  25  2:50  Refinery  
  26  2:51  Factory  
  26  3:00  SCV  
  26  3:02  Barracks Tech Lab  
  26  3:04  Marine x2  
  30  3:07  Orbital Command  
  29  3:19  SCV  
  30  3:28  Orbital Command, Combat Shields  
  30  3:29  Marine x3  
  30  3:31  SCV  
  34  3:37  Starport  
  34  3:43  SCV  
  35  3:48  Factory Reactor, Marine x2  
  35  3:49  Marine  
  38  3:55  SCV  
  38  3:58  SCV, Supply Depot  
  38  4:00  Engineering Bay  
  40  4:06  Marine  
  40  4:08  SCV  
  42  4:10  Marine  
  42  4:11  Marauder  
  42  4:12  SCV  
  46  4:20  SCV  
  46  4:22  Supply Depot  
  47  4:28  Barracks  
  47  4:29  Terran Infantry Weapons Level 1  
  47  4:33  SCV x2  
  47  4:38  Supply Depot  
  49  4:40  Medivac  
  49  4:41  Marine x3  
  49  4:44  Medivac  
  57  4:45  SCV x2  
  57  4:46  Refinery  
  57  4:48  Supply Depot  
  57  4:50  Refinery  
  58  4:58  SCV x2  
  60  5:01  Marine x3  
  60  5:04  Stimpack  
  63  5:10  SCV  
  63  5:13  Supply Depot  
  64  5:16  Marine, Supply Depot  
  64  5:19  Marine x3  
  68  5:34  SCV x2  
  70  5:36  Medivac x2  
  70  5:38  Barracks Reactor  
  70  5:39  Command Center  
  74  5:42  Supply Depot  
  74  5:43  Marine x2  
  74  5:45  Factory Reactor  
  74  5:49  SCV x2  
  78  5:59  Marine, Barracks  
  78  6:01  Marine x2  
  78  6:02  Barracks  
  81  6:07  Supply Depot  
  81  6:09  Medivac  
  83  6:13  Medivac  
  83  6:14  SCV x2  
  83  6:17  Marine  
  88  6:19  Marine x4  
  88  6:22  Widow Mine  
  88  6:23  Widow Mine  
  96  6:26  Terran Infantry Armor Level 1  
  96  6:27  Liberator x2  
  96  6:30  SCV x2  
  96  6:31  Supply Depot  
  98  6:36  Marine  
  98  6:37  Marine x3  
  104  6:42  SCV  
  109  6:56  Barracks Reactor, Barracks Tech Lab  
  109  6:57  Supply Depot  
  109  6:59  Marine x4  
  109  7:00  Marine  
  114  7:05  Concussive Shells  
  114  7:13  Supply Depot  
  114  7:17  Marine x4  
  114  7:20  Widow Mine  
  114  7:21  Widow Mine, Marine  
  114  7:22  Marine  
  121  7:31  Planetary Fortress  
  121  7:35  Marine x4, Supply Depot  
  121  7:36  Marine x2  
  127  7:38  Supply Depot  
  127  7:39  Marine x2  
  129  7:49  Widow Mine  
  129  7:50  Widow Mine  
  133  7:51  Medivac x2  
  133  7:52  Marine  
  133  7:53  Marine x3  
  133  7:54  Marine  
  133  7:58  Armory  
  142  8:03  Engineering Bay  
  142  8:09  Missile Turret  
  142  8:18  Marine x3  
  142  8:19  Marine x5  
  150  8:36  Marine x2  
  150  8:41  Marine  
  153  8:43  Supply Depot  
  153  8:45  Terran Infantry Armor Level 2, Terran Infantry Weapons Level 2  
  153  8:46  Supply Depot  
  153  8:51  Refinery  
  153  8:53  Refinery  
  153  8:55  Widow Mine x2  
  123  9:22  Marine x8  
  123  9:24  Medivac x2  
  132  9:39  Marine  
  132  9:40  Marine x7  
  118  9:57  Widow Mine x2, Marine  
  118  9:58  Marine, Medivac  
  118  9:59  Marine x6, Medivac  
  132  10:15  Marine  
  132  10:16  Marine x2  
  132  10:17  Marine  
  136  10:24  Marine  
  136  10:25  Marine x3  
  140  10:33  Marine x2  
  140  10:34  Marine, Medivac  
  140  10:35  Marine, Medivac  
  143  10:42  Marine x2  
  143  10:43  Marauder, Marine  
  146  10:51  Marine x2  
  146  10:52  Marine  
  146  10:53  Marine  
  150  11:00  Marine x2  
  150  11:01  Marine  
  150  11:04  Marine  
  146  11:27  Medivac  
  146  11:28  Marine x8, Medivac  
  146  11:29  Widow Mine x2  
  162  11:45  Marine  
  162  11:46  Marine x6  
  167  11:57  Widow Mine  
Tags
 
Add a new tag
Caveats
  • Supply blocks, unpowered buildings, or Contaminate may cause inaccurate times.
  • Supply counts are checked every 10 seconds.